 Dungeon Crawl Stone Soup version 0.28-a0-883-gc8d7bad45d (webtiles) character file.

Game seed: 7047838569870134549

8 ytrimaz the Skirmisher (level 2, 15/24 HPs)
             Began as a Demonspawn Fighter on Nov 22, 2021.
             Quit the game on level 1 of the Dungeon.
             The game lasted 00:00:20 (204 turns).

ytrimaz the Skirmisher (Demonspawn Fighter)          Turns: 204, Time: 00:00:20

Health: 15/24      AC:  6    Str: 16    XL:     2   Next: 0%
Magic:  2/2        EV:  9    Int:  9    God:
Gold:   0          SH:  4    Dex: 12    Spells: 1/1 levels left

rFire   . . .      SeeInvis .   a - +0 rapier
rCold   . . .      Faith    .   c - +0 buckler
rNeg    . . .      Spirit   .   b - +0 scale mail
rPois   .          Reflect  .   (no helmet)
rElec   .          Harm     .   (no cloak)
rCorr   .          Rampage  .   (no gloves)
Will    .....                   (no boots)
Stlth   ..........              (no amulet)
HPRegen 0.08/turn               (no ring)
MPRegen 0.08/turn               (no ring)

@: no status effects
A: foul stench 1
a: no special abilities


You were on level 1 of the Dungeon.
You visited 1 branch of the dungeon, and saw 1 of its levels.

Inventory:

Hand Weapons
 a - a +0 rapier (weapon)
Armour
 b - a +0 scale mail (worn)
 c - a +0 buckler (worn)
Scrolls
 e - a scroll of identify {unknown}
 f - a scroll of enchant armour {unknown}
Potions
 d - a potion of might
 g - a potion of curing {unknown}


   Skills:
 + Level 3.1 Fighting
 + Level 1.9 Short Blades
 + Level 2.8 Armour
 + Level 2.8 Shields


You had one spell level left.
You didn't know any spells.
Your spell library contained the following spells:

 Spells                   Type           Power      Damage    Failure   Level
 Summon Forest            Summ/Tloc      0%         N/A       100%        5
 Eringya's Noxious Bog    Tmut/Pois      0%         N/A       100%        6
 Summon Hydra             Summ           0%         N/A       100%        7


Dungeon Overview and Level Annotations

Branches:
Dungeon (1/15)

Altars:


Innate Abilities, Weirdness & Mutations

You may rarely emit foul miasma when damaged in melee.


Message History

You kill the bat!
HP restored.
f - a scroll labelled NEMMIESTRAU
Things that are here:
a +0 dagger; a goblin corpse You see here a giant cockroach corpse.
A ball python comes into view.
The ball python hisses angrily.
You see here a golden potion.
A ball python is nearby!
You hit the ball python.
The ball python is severely wounded.
You block the ball python's attack. The ball python barely misses you.
You hit the ball python.
You kill the ball python!
No target in view!
No target in view!
No target in view!
No target in view!
g - a golden potion A frilled lizard and a goblin come into view.
The goblin shouts!
You hear an angry hiss.
A bat comes into view.
There are monsters nearby!
Okay, then.
There are monsters nearby!
There are monsters nearby!
The bat barely misses you.
You hit the frilled lizard.
You kill the frilled lizard!
The bat barely misses you.
You have reached level 2!
Your demonic ancestry asserts itself...
You begin to emit a foul stench of rot and decay.
You miss the bat. The bat hits you.
You miss the goblin. The bat hits you but does no damage.
The goblin hits you with a +0 club.
You closely miss the goblin. You block the bat's attack.
The goblin hits you but does no damage. The goblin hits you with a +0 club.
Are you sure you want to abandon this character and quit the game? (Confirm with "yes".)

# #.# ##.# # #.# ...# #
#.# #..## ###.#####
##... .##..... ...#
.##..##########..# # .
.............##..##.#...
.##.####..†..##.......#
.##.# #........@g#..##
.##.# #.....##.#.# .##.#
#.....##.#b# .##.#
########.#.. .##.# ###
....#. .##.# #.. .#..###
.# ... .. $.# .# #.# ##
#.. ..# ## #.# #.#


You could see a goblin and a bat.

Vanquished Creatures
  2 giant cockroaches (D:1)
  A goblin (D:1)
  A ball python (D:1)
  A bat (D:1)
  A frilled lizard (D:1)
  3 rats (D:1)
9 creatures vanquished.

Notes
Turn   | Place    | Note
-------+----------+-------------------------------------------
     0 | D:1      | ytrimaz the Demonspawn Fighter began the quest for the Orb.
     0 | D:1      | Reached XP level 1. HP: 18/18 MP: 1/1
   201 | D:1      | Gained mutation: You may rarely emit foul miasma when
                  | damaged in melee. [demonic ancestry]
   201 | D:1      | Reached XP level 2. HP: 24/24 MP: 2/2
   204 | D:1      | Quit the game

Illustrated notes

Levels and vault maps discovered:
D:1:      dpeg_arrival_prison, layout_loops_ring,
          nicolae_ecumenical_lake_church, palyth_stone_intersect,
          minmay_circled_x

Action                   || total
-------------------------++-------
Melee: Rapier            ||    22
Armor: Scale mail        ||     9
Dodge: Dodged            ||     8
Block: Buckler           ||     8

Table legend: (Time is in decaauts)
 A = Elapsed time spent in this place.
 B = Non-inter-level travel time spent in this place.
 C = Inter-level travel time spent in this place.
 D = Time resting spent in this place.
 E = Time spent auto-exploring this place.
 F = Levels seen in this place.
 G = Mean time per level.
                   A        B        C        D        E       F      G
               +--------+--------+--------+--------+--------+-----+--------+
         Total |    207 |    207 |      0 |      0 |    162 |   1 |  207.0 |
       Dungeon |    207 |    207 |      0 |      0 |    162 |   1 |  207.0 |
               +--------+--------+--------+--------+--------+-----+--------+

Top non-repeatable levels by time:
     D:1: 207 daAuts
